 Dungeon Crawl Stone Soup version 0.26.1-11-gd32895ea62 (webtiles) character file.

Game seed: 16524153299706970357

56824 RepoMan the Necromancer (level 14, -14/98 HPs)
             Began as a Mummy Necromancer on July 23, 2021.
             Was the Champion of Fedhas.
             Killed by dispel undead
             ... invoked by Josephine
              (30 damage)
             ... on level 12 of the Dungeon on July 24, 2021.
             The game lasted 03:46:50 (30219 turns).

RepoMan the Necromancer (Mummy Necromancer)        Turns: 30219, Time: 03:46:51

Health: -14/98     AC: 15    Str: 16    XL:     14   Next: 43%
Magic:  10/10      EV: 14    Int: 25    God:    Fedhas [******]
Gold:   731        SH:  0    Dex: 13    Spells: 24/40 levels left

rFire    . . .     SeeInvis +   r - +7 dagger "Banisher" {antimagic, rC+ SInv}
rCold    + + .     Faith    .   (no shield)
rNeg     + + +     Spirit   .   k - +2 robe {Archmagi}
rPois    ∞         Reflect  .   o - +1 helmet {SInv}
rElec    .         Harm     .   h - +5 cloak of Calculation {rPois Str+4 Dex-2}
rCorr    .         Rampage  .   A - +0 pair of gloves {Dex+3}
Will     +....                  n - +1 pair of boots
Stlth    ++........             w - amulet of the acrobat
HPRegen  0.26/turn              p - +6 ring of intelligence
MPRegen  0.12/turn              x - ring of protection from fire

@: no status effects
A: no potions, fire vulnerability, cold resistance 1, negative energy resistance
3, torment resistance, unbreathing, in touch with death 1
a: Renounce Religion, Wall of Briars, Grow Ballistomycete, Overgrow, Grow Oklob


You were on level 12 of the Dungeon.
You worshipped Fedhas.
Fedhas was exalted by your worship.
You visited 4 branches of the dungeon, and saw 21 of its levels.
You also visited: Gauntlet.

You collected 2004 gold pieces.
You spent 1273 gold pieces at shops.

Inventory:

Hand Weapons
 r - the +7 dagger "Banisher" (weapon) {antimagic, rC+ SInv}
   (You bought it in a shop on level 2 of the Orcish Mines)

   It reduces the magical energy of the wielder, and disrupts the spells and
   magical abilities of those hit.
   Natural abilities and divine invocations are not affected.
   It protects you from cold.
   It lets you see invisible.
 z - the +7 war axe "Giopieps" {pain, rF+}
   (You found it on level 7 of the Dungeon)

   In the hands of one skilled in necromantic magic, it inflicts extra damage on
   living creatures.
   It protects you from fire.
 G - a +1 eveningstar
Armour
 a - +0 storm dragon scales
 h - the +5 cloak of Calculation (worn) {rPois Str+4 Dex-2}
   (You found it in a Gauntlet)

   It affects your strength (+4).
   It affects your dexterity (-2).
   It protects you from poison.
 k - a +2 robe of the Archmagi (worn)
 n - a +1 pair of boots (worn)
 o - a +1 helmet of see invisible (worn)
 u - a +0 pair of gloves of strength
 v - +0 acid dragon scales
 y - the +1 troll leather armour of Zejy {Rampage rPois Regen+ Int+4}
   (You bought it in a shop on level 2 of the Orcish Mines)

   It affects your intelligence (+4).
   It protects you from poison.
   It increases your rate of regeneration.
   It bestows one free step when moving towards enemies.
 A - a +0 pair of gloves of dexterity (worn)
Jewellery
 b - an uncursed ring of protection from cold
 j - an uncursed ring of see invisible
 p - a +6 ring of intelligence (left hand)
 w - an amulet of the acrobat (around neck)
 x - a ring of protection from fire (right hand)
 D - an uncursed amulet of regeneration
Wands
 e - a wand of polymorph (13)
 s - a wand of disintegration (19)
 C - a wand of random effects (42)
 E - a wand of digging (1)
 F - a wand of enslavement (14)
Scrolls
 c - 4 scrolls of fog
 f - 5 scrolls of enchant armour
 i - 8 scrolls of identify
 l - 3 scrolls of amnesia
 m - 2 scrolls of enchant weapon
 q - 6 scrolls of remove curse
 t - 3 scrolls of teleportation
 H - a scroll of vulnerability


   Skills:
 - Level 5.0 Fighting
 - Level 3.9 Staves
 + Level 3.8 Dodging
 - Level 1.5 Stealth
 - Level 13.8 Spellcasting
 * Level 18.2 Necromancy
 + Level 8.9 Invocations


You had 24 spell levels left.
You knew the following spells:

 Your Spells              Type           Power        Failure   Level
a - Agony                 Necr           100%         1%          5
d - Animate Dead          Necr           63%          1%          4
e - Searing Ray           Conj           52%          4%          2
s - Animate Skeleton      Necr           100%         0%          1
v - Vampiric Draining     Necr           63%          0%          3
z - Pain                  Necr           100%         0%          1

Your spell library contained the following spells:

 Spells                   Type           Power        Failure   Level
 Magic Dart               Conj           100%         3%          1
 Summon Small Mammal      Summ           100%         3%          1
 Call Imp                 Summ           26%          4%          2
 Call Canine Familiar     Summ           26%          10%         3
 Dazzling Flash           Conj/Hex       52%          10%         3
 Summon Guardian Golem    Hex/Summ       26%          10%         3
 Fulminant Prism          Conj/Hex       13%          32%         4
 Iskenderun's Mystic Bla  Conj/Tloc      26%          32%         4
 Summon Ice Beast         Ice/Summ       26%          32%         4
 Summon Lightning Spire   Summ/Air       26%          32%         4
 Bolt of Magma            Conj/Fire/Erth 13%          67%         5
 Iskenderun's Battlesphe  Conj           26%          67%         5
 Iron Shot                Conj/Erth      13%          99%         6
 Orb of Destruction       Conj           13%          100%        7
 Spellforged Servitor     Conj/Summ      13%          100%        7


Dungeon Overview and Level Annotations

Branches:
Dungeon (12/15)            Temple (1/1) D:6            Lair (6/6) D:11
  Swamp (0/4) Lair:4        Snake (0/4) Lair:2        Slime (0/5) Lair:5
    Orc (2/2) D:9             Elf (0/3) Orc:2       Gauntlet (visited)

Altars:
Ashenzari
Cheibriados
Dithmenos
Elyvilon
Fedhas
Gozag
Hepliaklqana
Kikubaaqudgha
Makhleb
Nemelex Xobeh
Okawaru
Qazlal
Ru
Sif Muna
Trog
Uskayaw
Vehumet
Wu Jian
Xom
Yredelemnul
Zin
The Shining One
Jiyva

Shops:
Orc:2 ([*=

Annotations:
D:3 3 runed translucent doors, Bergy's ghost, amateur GrFi
D:6 2 transporters, kthxbai's ghost, novice DgTm
D:12 Josephine
Orc:2 1 runed translucent door, ymhsbmbesitwf's ghost, journeyman MiFi


Innate Abilities, Weirdness & Mutations

You do not drink.
Your flesh is vulnerable to fire.
You are immune to poison.
Your flesh is cold resistant. (rC+)
You are immune to negative energy. (rN+++)
You are immune to unholy pain and torment.
You can survive without breathing.
You are in touch with the powers of death.


Message History

r - the +7 dagger "Banisher" (weapon)
{antimagic, rC+ SInv} Josephine hits you but does no damage.
You closely miss Josephine.
Josephine is severely wounded.
Josephine hits you with a +0 dagger.
You puncture Josephine!
Josephine's magic leaks into the air.
Josephine is almost dead.
Josephine laughs insanely.
Josephine hits you with a +0 dagger!
* * * LOW HITPOINT WARNING * * *
Unknown command.
You closely miss Josephine.
Josephine is almost dead.
Josephine closely misses you.
You hit Josephine but do no damage.
Josephine is almost dead.
Josephine casts a spell at you.
You convulse!
You die...
Fedhas appreciates your contribution to the ecosystem.

... #.# .W. #.#
.._. #.# .....
#.# ...## ####.#
@W. #....#
##.###.####
#.####
#.........# #.#
#..#.#.##.####@#
#. #..WW@.# ..
######## ##. ..
##


You could see Josephine (strong) and 2 wraiths.

Vanquished Creatures
  Rupert (Lair:6)
  An orc warlord (Orc:2)
  2 hydras
  4 boulder beetles
  Urug (Lair:2)
  A fire crab (Lair:4)
  4 orc high priests (Orc:2)
  3 orc knights (Orc:2)
  Pikel (D:6)
  A lindwurm (Lair:4)
  6 orc sorcerers
  4 black mambas
  23 cane toads
  A molten gargoyle (Lair:4)
  Maggie (D:7)
  A rime drake (Lair:4)
  13 komodo dragons
  A troll (D:10)
  4 tyrant leeches (Lair:6)
  3 polar bears
  A hornet (D:10)
  27 blink frogs
  A spriggan (Lair:5)
  37 yaks
  2 wyverns
  A fire bat (Gauntlet)
  4 basilisks
  2 wraiths
  A steam dragon (D:3)
  6 vampire mosquitoes
  Menkaure (D:7)
  5 wargs
  An acid dragon (Gauntlet)
  23 water moccasins
  Duvessa (D:7)
  34 orc warriors
  2 phantoms (D:6)
  A swamp drake (Orc:1)
  An ice beast (D:9)
  4 sky beasts
  A black bear (Lair:4)
  5 centaurs
  7 ogres
  11 wolves (Lair:5)
  2 big kobolds
  Blork the orc (D:6)
  25 bullfrogs
  A water moccasin zombie (D:9)
  3 scorpions
  8 killer bees
  A howler monkey (D:9)
  4 electric eels
  2 centaur zombies
  2 bullfrog zombies
  8 hounds
  2 quasits
  20 orc priests
  2 centaur skeletons
  Crazy Yiuf (D:3)
  31 orc wizards
  3 bullfrog skeletons
  Jessica (D:3)
  2 iguanas
  Terence (D:3)
  10 worker ants
  A killer bee zombie (D:6)
  A worker ant zombie (D:11)
  A howler monkey zombie (D:10)
  Robin (D:4)
  3 gnolls (D:6)
  16 adders
  2 shadow imps
  5 white imps
  3 ufetubi
  An ooze (D:1)
  2 adder zombies
  An adder skeleton (D:8)
  A worm (D:5)
  A dart slug (D:1)
  4 leopard geckos
  96 orcs
  5 ball pythons
  7 bats
  3 giant cockroaches
  5 hobgoblins
  11 jackals
  13 kobolds
  4 quokkas
  2 frilled lizards
  17 goblins
  2 quokka skeletons
  A quokka zombie (D:6)
  2 rats (D:2)
  A ballistomycete spore (Orc:2)
597 creatures vanquished.

Vanquished Creatures (collateral kills)
  2 cane toads (Lair:6)
  2 rime drakes
  A polar bear (Lair:4)
  4 blink frogs (Lair:6)
  A yak (Lair:5)
  A wyvern (Lair:6)
  A steam dragon (Lair:4)
  5 water moccasins
  2 necrophages (Lair:4)
  2 wolves (Lair:5)
  2 bullfrogs (Lair:6)
  A bullfrog zombie (D:10)
  A jelly (D:10)
  An orc wizard (Orc:2)
  An iguana (D:10)
  An adder (D:9)
  A worm (D:2)
  11 orcs
  3 goblins (D:3)
  A hobgoblin (D:4)
  4 kobolds (D:10)
  A ball python (D:1)
  74 ballistomycete spores
123 creatures vanquished.

Vanquished Creatures (others)
  An oklob plant (Gauntlet)
  A black mamba (Lair:6)
  A blink frog (Lair:5)
  A yak (D:10)
  Dowan (D:7)
  4 ballistomycete spores
  146 fungi
  231 plants
386 creatures vanquished.

Grand Total: 1106 creatures vanquished

Notes
Turn   | Place    | Note
-------+----------+-------------------------------------------
     0 | D:1      | RepoMan the Mummy Necromancer began the quest for the Orb.
     0 | D:1      | Reached XP level 1. HP: 13/13 MP: 4/4
     2 | D:1      | Learned a level 1 spell: Animate Skeleton
   275 | D:1      | Reached XP level 2. HP: 19/19 MP: 4/6
   963 | D:1      | Reached XP level 3. HP: 19/24 MP: 1/7
  1275 | D:2      | Reached skill level 5 in Necromancy
  1441 | D:2      | Reached XP level 4. HP: 30/30 MP: 7/9
  1445 | D:2      | Learned a level 3 spell: Vampiric Draining
  1997 | D:3      | Found a faded altar of an unknown god.
  2326 | D:3      | Noticed Jessica
  2330 | D:3      | Killed Jessica
  2376 | D:3      | Noticed Terence
  2385 | D:3      | Killed Terence
  2462 | D:3      | Reached XP level 5. HP: 30/35 MP: 2/11
  2962 | D:4      | Noticed Robin
  3048 | D:4      | Reached skill level 6 in Necromancy
  3172 | D:4      | Killed Robin
  3320 | D:4      | Reached XP level 6. HP: 41/41 MP: 6/13
  3486 | D:3      | Found a runed translucent gate.
  3486 | D:3      | Found a runed translucent gate.
  3486 | D:3      | Found a runed translucent gate.
  3486 | D:3      | Noticed Bergy's ghost (amateur GrFi)
  3636 | D:3      | Found a runed translucent door.
  3637 | D:3      | Noticed Crazy Yiuf
  3645 | D:3      | Killed Crazy Yiuf
  3646 | D:3      | Reached skill level 5 in Spellcasting
  3963 | D:3      | Noticed Ijyb
  3982 | D:3      | Noticed Ijyb
  3982 | D:3      | Ijyb changed into Ijyb the steam dragon
  3992 | D:3      | Killed Ijyb the steam dragon
  3993 | D:3      | Reached skill level 7 in Necromancy
  3993 | D:3      | Reached XP level 7. HP: 46/46 MP: 5/15
  4522 | D:4      | Found a sparkling altar of Nemelex Xobeh.
  4704 | D:5      | Entered Level 5 of the Dungeon
  4765 | D:5      | Reached skill level 1 in Staves
  5008 | D:5      | Reached skill level 8 in Necromancy
  5210 | D:5      | Learned a level 4 spell: Animate Dead
  5216 | D:5      | Learned a level 5 spell: Agony
  5290 | D:5      | Found a glowing silver altar of Zin.
  5447 | D:5      | Found a bloodstained altar of Trog.
  5451 | D:5      | Found a hazy altar of Hepliaklqana.
  5454 | D:5      | Found a shadowy altar of Dithmenos.
  5715 | D:6      | Noticed Blork the orc
  5753 | D:6      | Reached XP level 8. HP: 52/52 MP: 13/17
  5776 | D:6      | Noticed Pikel
  5791 | D:6      | Killed Pikel
  5792 | D:6      | Reached skill level 9 in Necromancy
  5954 | D:6      | Found a staircase to the Ecumenical Temple.
  5990 | Temple   | Entered the Ecumenical Temple
  6148 | Temple   | Became a worshipper of Fedhas Madash
  6202 | D:6      | Killed Blork the orc
  6471 | D:6      | Found a radiant altar of Vehumet.
  6539 | D:6      | Reached XP level 9. HP: 57/57 MP: 16/20
  6608 | D:6      | Found a transporter.
  6612 | D:6      | Reached * piety under Fedhas
  6613 | D:6      | Identified the +3 dire flail of Anguish {vorpal, Int+5
                  | Dex-2}
  6613 | D:6      | Identified the +8 dire flail of the Warrior {vamp, rC+ rN+
                  | Str+2 Dex+7}
  6613 | D:6      | Noticed a two-headed ogre
  6613 | D:6      | Noticed kthxbai's ghost (novice DgTm)
  6614 | D:6      | Found a transporter.
  6944 | D:6      | Reached skill level 10 in Necromancy
  7160 | D:6      | Found a broken altar of Ashenzari.
  7160 | D:6      | Found an opulent altar of Gozag.
  7380 | D:7      | Got a steaming war axe
  7564 | D:7      | Noticed Menkaure
  7566 | D:7      | Identified the +7 war axe "Giopieps" {pain, rF+} (You found
                  | it on level 7 of the Dungeon)
  7571 | D:7      | Killed Menkaure
  7738 | D:7      | Noticed Duvessa
  7738 | D:7      | Noticed Dowan
  7747 | D:7      | Your ally died
  7755 | D:7      | Killed Duvessa
  7971 | D:7      | Found an iron altar of Okawaru.
  8469 | D:7      | Noticed Maggie
  8483 | D:7      | Killed Maggie
  8496 | D:7      | Learned a level 2 spell: Searing Ray
  8808 | D:8      | Reached skill level 11 in Necromancy
  9559 | D:9      | Reached ** piety under Fedhas
  9669 | D:9      | Found a staircase to the Orcish Mines.
  9885 | D:9      | Reached XP level 10. HP: 58/63 MP: 23/23
 10464 | D:9      | You fall into a shaft and drop 1 floor!
 10464 | D:10     | Entered Level 10 of the Dungeon
 10584 | D:9      | Reached skill level 10 in Spellcasting
 10863 | D:10     | Reached skill level 12 in Necromancy
 10962 | D:10     | Found a shadowy altar of Dithmenos.
 11291 | D:10     | Reached *** piety under Fedhas
 11720 | D:10     | Noticed a boulder beetle
 11727 | D:10     | Killed a boulder beetle
 11728 | D:10     | Reached skill level 13 in Necromancy
 12510 | D:11     | Noticed a boulder beetle
 12519 | D:11     | Killed a boulder beetle
 12520 | D:11     | Reached XP level 11. HP: 60/68 MP: 8/26
 12887 | D:11     | Reached **** piety under Fedhas
 12925 | D:11     | Found a staircase to the Lair.
 13631 | Lair:1   | Entered Level 1 of the Lair of Beasts
 13643 | Lair:1   | Reached skill level 14 in Necromancy
 13856 | Lair:1   | Noticed a boulder beetle
 13888 | Lair:1   | Reached skill level 1 in Invocations
 13903 | Lair:1   | Killed a boulder beetle
 15782 | Lair:2   | Found a staircase to the Snake Pit.
 16289 | Lair:2   | Noticed Urug
 16303 | Lair:2   | Killed Urug
 16998 | Lair:2   | Reached XP level 12. HP: 74/74 MP: 14/28
 17161 | Lair:3   | Reached skill level 15 in Necromancy
 17281 | Lair:3   | Reached skill level 1 in Fighting
 18488 | Lair:4   | Noticed a boulder beetle
 18557 | Lair:4   | Found a radiant altar of Vehumet.
 18573 | Lair:4   | Found a staircase to the Swamp.
 18576 | Lair:4   | Found a gate leading to a gauntlet.
 18585 | Gauntlet | Entered a Gauntlet
 18585 | Gauntlet | Found a transporter.
 18585 | Gauntlet | Found a runed translucent door.
 18585 | Gauntlet | Found a transporter.
 18587 | Gauntlet | Found a transporter.
 18587 | Gauntlet | Found a transporter.
 18589 | Gauntlet | Found a runed translucent door.
 18607 | Gauntlet | Found a transporter.
 18615 | Gauntlet | Found a transporter.
 18619 | Gauntlet | Found a transporter.
 18623 | Gauntlet | Noticed a catoblepas
 18627 | Gauntlet | Found a transporter.
 18642 | Gauntlet | Found a runed translucent door.
 18643 | Gauntlet | Found a transporter.
 18644 | Gauntlet | Found a runed translucent door.
 18657 | Gauntlet | Found a transporter.
 18661 | Gauntlet | Found a transporter.
 18670 | Gauntlet | Noticed a catoblepas
 18672 | Gauntlet | Found a transporter.
 18761 | Gauntlet | Got a polished cloak
 18830 | Gauntlet | Identified the +5 cloak of Calculation {rPois Str+4 Dex-2}
                  | (You found it in a Gauntlet)
 19580 | Lair:4   | Reached skill level 5 in Invocations
 20347 | Lair:4   | Killed a boulder beetle
 20657 | Lair:4   | Noticed a four-headed hydra
 20663 | Lair:4   | Killed a four-headed hydra
 21292 | Lair:5   | Reached skill level 16 in Necromancy
 21358 | Lair:5   | Gained mutation: You are in touch with the powers of death.
                  | [Mummy growth]
 21358 | Lair:5   | Reached XP level 13. HP: 59/90 MP: 2/30
 21523 | Lair:5   | Found a staircase to the Slime Pits.
 21523 | Lair:5   | Found a viscous altar of Jiyva.
 22259 | Lair:5   | Reached skill level 5 in Fighting
 22783 | Lair:6   | Entered Level 6 of the Lair of Beasts
 23197 | Lair:6   | Got a slimy whip
 23198 | Lair:6   | Identified the +5 whip of Wrongful Imprisonment {vamp,
                  | rPois rC+} (You found it on level 6 of the Lair of Beasts)
 23211 | Lair:6   | Noticed Rupert
 23255 | Lair:6   | Killed Rupert
 23259 | Lair:6   | Reached ***** piety under Fedhas
 23725 | Lair:6   | Reached skill level 17 in Necromancy
 26190 | Orc:1    | Entered Level 1 of the Orcish Mines
 26278 | Orc:1    | Reached XP level 14. HP: 98/98 MP: 12/31
 27395 | Orc:2    | Entered Level 2 of the Orcish Mines
 27526 | Orc:2    | Found a runed translucent door.
 27592 | Orc:2    | Found a shimmering altar of Xom.
 27592 | Orc:2    | Noticed ymhsbmbesitwf's ghost (journeyman MiFi)
 27650 | Orc:2    | Reached ****** piety under Fedhas
 27836 | Orc:2    | Found a radiant altar of Vehumet.
 27928 | Orc:2    | Found a staircase to the Elven Halls.
 29153 | Orc:2    | Reached skill level 18 in Necromancy
 29168 | Orc:2    | Noticed an orc warlord
 29189 | Orc:2    | Killed an orc warlord
 29513 | Orc:2    | Found Douhudgh's General Store.
 29514 | Orc:2    | Found Xiqy's Jewellery Boutique.
 29516 | Orc:2    | Found Suegoan's Antique Armour Shop.
 29516 | Orc:2    | Found Rebbeorph's Antique Weapon Shop.
 29578 | Orc:2    | Bought a runed helmet for 232 gold pieces
 29591 | Orc:2    | Bought a smoking dagger for 189 gold pieces
 29592 | Orc:2    | Identified the +7 dagger "Banisher" {antimagic, rC+ SInv}
                  | (You bought it in a shop on level 2 of the Orcish Mines)
 29596 | Orc:2    | Bought a fine troll leather armour for 620 gold pieces
 29596 | Orc:2    | Bought a pair of embroidered gloves for 232 gold pieces
 29607 | Orc:2    | Identified the +1 troll leather armour of Zejy {Rampage
                  | rPois Regen+ Int+4} (You bought it in a shop on level 2 of
                  | the Orcish Mines)
 30157 | D:12     | Found a stormy altar of Qazlal.
 30181 | D:12     | Noticed Josephine
 30219 | D:12     | Killed from afar by Josephine

Illustrated notes

Levels and vault maps discovered:
D:1:      minmay_arrival_four_loops, layout_rooms, minmay_octomino_j4
D:2:      layout_basic, due_unseen_surprise
D:3:      kennysheep_goblin_castle, layout_loops_corners,
          gammafunk_ghost_nasty_kobolds, chequers_ecumenical_altar_simple_redux,
          uniq_terence, uniq_crazy_yiuf_cottage, uniq_jessica
D:4:      layout_rooms, old_standard_altar, uniq_robin
D:5:      layout_cave_pools, general_overflow_altar,
          grunt_temple_overflow_diamond
D:6:      layout_loops_ring, old_standard_altar,
          gammafunk_temple_overflow_statue, minmay_temple_entry_mini_moons,
          gammafunk_ghost_smash, uniq_blork_the_orc, uniq_pikel
D:7:      layout_basic, lemuel_crystal_altar, uniq_menkaure, uniq_duvessa,
          uniq_maggie
D:8:      layout_basic
D:9:      layout_irregular_city, david_orc_2
D:10:     layout_cave_pods, grunt_dithmenos_shadows
D:11:     layout_basic, due_lair_maze_entry_diamond
D:12:     layout_loops_cross, basic_altar, uniq_josephine
Temple:   oiseaux_autumnal_temple
Lair:1:   layout_roguey, columned_hall_lemuel, nzn_sisyphean_effort,
          lemuel_fruit_fields
Lair:2:   layout_regular_city, minmay_snake_entry_six_corridors, serial_rivers,
          chequers_serial_rivers_large_b, chequers_serial_rivers_micro_d,
          chequers_serial_rivers_room_b, chequers_serial_rivers_micro_a,
          chequers_serial_rivers_large_a, uniq_urug
Lair:3:   layout_long_grid
Lair:4:   nzn_winding_woodlands_stair_trap
          [nzn_winding_woodlands_5x15_longhouse,
          nzn_winding_woodlands_5x15_lazy_stream,
          nzn_winding_woodlands_5x15_river_crossing,
          nzn_winding_woodlands_15x15_thick_spiral,
          nzn_winding_woodlands_5x15_garden,
          nzn_winding_woodlands_5x15_sawtooth,
          nzn_winding_woodlands_5x15_split_checker], layout_layer_cave,
          swamp_mist_pool, basic_altar, gauntlet_entry_generic,
          roderic_carrion_pond, lemuel_fruit_tree
Lair:5:   layout_concentric_octagons, slime_altar_1,
          grunt_forest_stairs_clearing, infiniplex_staircase_pool,
          grunt_megastairs_4
Lair:6:   minmay_lair_end_frog_pond, layout_regular_city, uniq_rupert
Orc:1:    layout_diamond_mine
Orc:2:    st_orc_congregation, layout_diamond_mine, ebering_ghost_xom,
          lemuel_statue_altar

Skill      XL: |  1  2  3  4  5  6  7  8  9 10 11 12 13 14 |
---------------+-------------------------------------------+-----
Spellcasting   | 3 4 5 6 7 9 11 12 13 | 13.8
Necromancy     | 5 6 7 8 9 11 13 14 16 17 18 | 18.2
Staves         | 2 3 |  3.9
Invocations    | 3 5 8 |  8.9
Fighting       | 4 5 |  5.0
Dodging        | 2 3 |  3.8
Stealth        | |  1.5

Action                   |  1- 3 |  4- 6 |  7- 9 | 10-12 | 13-15 || total
-------------------------+-------+-------+-------+-------+-------++-------
Melee: Unarmed           |     5 |       |       |       |       ||     5
       Dagger            |       |    31 |       |       |     4 ||    35
       Quarterstaff      |       |    19 |   126 |       |       ||   145
       War axe           |       |       |    55 |   284 |   196 ||   535
       Whip              |       |       |       |     2 |       ||     2
 Cast: Pain              |    72 |   102 |   177 |   122 |    16 ||   489
       Animate Skeleton  |     4 |    23 |    20 |    27 |       ||    74
       Vampiric Draining |       |     1 |    13 |   110 |   200 ||   324
       Animate Dead      |       |       |     2 |    23 |    17 ||    42
       Agony             |       |       |     8 |   101 |    68 ||   177
       Searing Ray       |       |       |       |     3 |     3 ||     6
Invok: Wall of Briars    |       |       |       |     1 |       ||     1
       Grow Ballistomyce |       |       |       |     4 |     8 ||    12
       Overgrow          |       |       |       |     1 |       ||     1
Evoke: Wand              |       |     2 |    10 |    46 |    23 ||    81
  Use: Scroll            |       |     5 |     2 |    12 |    11 ||    30
 Stab: Sleeping          |     1 |       |     1 |     4 |       ||     6
       Paralysed         |       |     6 |    10 |    20 |     3 ||    39
       Distracted        |       |       |       |     1 |       ||     1
       Confused          |       |       |       |     1 |       ||     1
Armor: Robe              |    17 |    20 |   110 |   113 |    66 ||   326
       Leather armour    |       |       |       |     2 |       ||     2
       Acid dragon scale |       |       |       |    43 |   149 ||   192
       Steam dragon scal |       |       |       |    18 |       ||    18
Dodge: Dodged            |    33 |    49 |   157 |   304 |   365 ||   908
